 Dungeon Sprint DCSS version 0.29.1-12-g30fa7ad0bf (webtiles) character file.

Game seed: 3934090167757747225

3514 Groucho the Unseen (level 9, -5/49 HPs)
             Began as a Spriggan Enchanter on Dec 24, 2022.
             Was a Believer of Dithmenos.
             Shot with a bolt by a yaktaur (39 damage)
             ... in the Dungeon (Sprint II: "The Violet Keep of Menkaure").
             The game lasted 00:07:53 (1254 turns).

Groucho the Unseen (Spriggan Enchanter)             Turns: 1254, Time: 00:07:53

Health: -5/49      AC:  2    Str:  8    XL:     9   Next: 81%
Magic:  8/24       EV: 23    Int: 17    God:    Dithmenos [**....]
Gold:   178        SH:  0    Dex: 15    Spells: 13/29 levels left

rFire   . . .      SeeInvis +   a - +1 dagger
rCold   . . .      Faith    .   (no shield)
rNeg    . . .      Spirit   .   b - +0 robe
rPois   +          Reflect  .   (helmet restricted)
rElec   .          Harm     .   (no cloak)
rCorr   .          Rampage  .   (gloves unavailable)
Will    +....      NoTele   +   (boots unavailable)
Stlth   ++++++++..              (no amulet)
HPRegen 0.16/turn               k - ring of poison resistance
MPRegen 0.19/turn               (no ring)

@: wreathed by umbra, very quick
A: very small, no large weapons, unfitting armour, see invisible, speed 3
a: Renounce Religion, Shadow Step


You were in the Dungeon.
You worshipped Dithmenos.
Dithmenos was pleased with you.
You visited 1 branch You collected 1148 gold pieces.
You spent 970 gold pieces at shops.

Inventory:

Hand Weapons
 a - a +1 dagger (weapon)
 f - the +6 dagger of the Briny Deep {drain, +Blink rF+ Str+9 Stlth+}
   (You bought it in a shop in the Dungeon)

   A truly terrible weapon, it drains the life of any living foe it strikes.
   Str:       It affects your strength (+9).
   rF:        It protects you from fire.
   +Blink:    It lets you blink.
   Stlth:     It makes you more stealthy.
 l - a +4 rapier of venom
Missiles
 m - 2 poisoned darts (quivered)
Armour
 b - a +0 robe (worn)
Jewellery
 k - a ring of poison resistance (left hand)
Scrolls
 i - a scroll of blinking
Potions
 c - a potion of invisibility
 d - a potion of curing
 g - 2 potions of magic
 h - a potion of berserk rage
 j - a potion of flight


   Skills:
 + Level 6.6 Fighting
 + Level 8.9 Short Blades
 + Level 10.8 Dodging
 - Level 17.3 Stealth
 + Level 10.9 Spellcasting
 * Level 4.1 Conjurations
 + Level 11.2 Hexes
 * Level 4.5 Earth Magic


You had 13 spell levels left.
You knew the following spells:

 Your Spells              Type           Power      Damage    Failure   Level
a - Ensorcelled Hibernat  Hex/Ice        56%        N/A       1%          2
b - Confusing Touch       Hex            47%        N/A       1%          3
c - Dazzling Flash        Conj/Hex       70%        N/A       1%          3
d - Tukima's Dance        Hex            47%        N/A       1%          3
e - Passwall              Tmut/Erth      14%        N/A       4%          2
f - Stone Arrow           Conj/Erth      48%        3d10      3%          3

Your spell library contained the following spells:

 Spells                   Type           Power      Damage    Failure   Level
 Sandblast                Erth           48%        2d12      1%          1


Dungeon Overview and Level Annotations

Branches:
Dungeon (1/1)

Altars:
Cheibriados
Dithmenos
Elyvilon
Fedhas
Gozag
Hepliaklqana
Kikubaaqudgha
Makhleb
Nemelex Xobeh
Okawaru
Qazlal
Ru
Sif Muna
Trog
Uskayaw
Vehumet
Wu Jian
Xom
Yredelemnul
Zin
The Shining One
Jiyva
Lugonu

Shops:
D ?[:[:*=([=(*!:!

Annotations:
D exclusions: ice statue and oklob plant


Innate Abilities, Weirdness & Mutations

You are very small and have problems with some larger weapons.
You are too small for most types of armour.
You have supernaturally acute eyesight. (SInv)
You cover ground extremely quickly. (Speed+++)


Message History

The polar bear claws something but does no damage.
The polar bear growls angrily.
You strike the helpless polar bear from behind!
You skewer the polar bear like a kebab!!!
You kill the polar bear!
Dithmenos accepts your kill.
You can now step into the shadows of nearby creatures.
Your Conjurations skill increases to level 4!
Casting: Confusing Touch (safe; 1% risk of failure)
Confirm with . or Enter, or press ? or * to list all spells.
Aiming: Ensorcelled Hibernation (safe; 1% risk of failure)
Press: ? - help, Shift-Dir - straight line, f/p - yaktaur
Aim: a yaktaur, wielding a +0 arbalest (severely wounded, umbra, chance to affect: 41%)
The yaktaur resists with some effort.
You hit the polar bear but do no damage.
The polar bear misses you. The polar bear barely misses you. x2
You hit the polar bear but do no damage.
Casting: Ensorcelled Hibernation (safe; 1% risk of failure)
Confirm with . or Enter, or press ? or * to list all spells.
Aiming: Ensorcelled Hibernation (safe; 1% risk of failure)
Press: ? - help, Shift-Dir - straight line, f/p - yaktaur
Aim: a yaktaur, wielding a +0 arbalest (severely wounded, chance to affect: 41%)
The yaktaur resists with some effort.
The yaktaur shoots a bolt.
The bolt hits you!!
Ouch! That really hurt!
* * * LOW HITPOINT WARNING * * *
Unknown command.
You feel much better.
The yaktaur shoots a bolt.
The bolt misses you.
Something bites the yaktaur.
Something claws the yaktaur but does no damage. x2
Casting: Ensorcelled Hibernation (safe; 1% risk of failure)
Confirm with . or Enter, or press ? or * to list all spells.
Aiming: Ensorcelled Hibernation (safe; 1% risk of failure)
Press: ? - help, Shift-Dir - straight line, f/p - yaktaur
Aim: a yaktaur, wielding a +0 arbalest (severely wounded, wandering, hasn't noticed you, chance to affect: 41%)
The yaktaur shouts!
The yaktaur resists with some effort.
The yaktaur shoots a bolt.
The bolt hits you!!!
Ouch! That really hurt!
You die...

.....# ..# +##..# ####^#
#.##.####.†'.###
##.#....#..#...# ##
#.####..#####..# $#
'###.##..#†.'..# c#
.##...#..#..#^.# .#
<.'.##'..####.^##†#▓[?(
.##...#....###.^@##▓▓▓▓▓
'###.##......~~~~~~~~~~~~
..####~~.§...~#+########+#
#..#~~~~§~~..~#_._._...#~§
#.##~~~§~§§§.~#._._._._#~§
+##~~~≈≈≈~§~§~#_._._._.#~§
~~~~~§~§≈≈§§§~#._._._._#~§
#+++#~§§≈≈≈≈§~#.._._._.#~§
.. ##≈§≈###§§#..._._._#§S


You could see a yaktaur.

Vanquished Creatures
  2 boulder beetles (D)
  A death yak (D)
  A hornet (D)
  4 polar bears (D)
  2 wyverns (D)
  Menkaure (D)
  A water moccasin (D)
  4 necrophages (D)
  3 worms (D)
19 creatures vanquished.

Notes
Turn   | Place    | Note
-------+----------+-------------------------------------------
     0 | D        | Groucho the Spriggan Enchanter began the quest for the Orb.
     0 | D        | Reached XP level 1. HP: 9/9 MP: 5/5
     3 | D        | Noticed a boulder beetle
     3 | D        | Noticed a boulder beetle
     6 | D        | Noticed a wyvern
     6 | D        | Noticed a wyvern
     9 | D        | Noticed a necrophage
     9 | D        | Noticed a necrophage
     9 | D        | Noticed a necrophage
     9 | D        | Noticed a necrophage
    13 | D        | Killed a necrophage
    14 | D        | Reached skill level 9 in Stealth
    14 | D        | Reached skill level 5 in Spellcasting
    14 | D        | Reached skill level 5 in Hexes
    14 | D        | Reached XP level 2. HP: 10/13 MP: 6/9
    14 | D        | Reached XP level 3. HP: 12/16 MP: 6/10
    19 | D        | Killed a necrophage
    20 | D        | Reached skill level 1 in Fighting
    20 | D        | Reached skill level 10 in Stealth
    20 | D        | Reached XP level 4. HP: 17/22 MP: 6/12
    21 | D        | Killed a necrophage
    22 | D        | Reached skill level 11 in Stealth
    22 | D        | Reached XP level 5. HP: 21/26 MP: 6/14
    33 | D        | Reached skill level 5 in Dodging
    33 | D        | Reached skill level 12 in Stealth
    54 | D        | Killed a wyvern
    55 | D        | Reached skill level 5 in Short Blades
    55 | D        | Reached skill level 13 in Stealth
    55 | D        | Reached XP level 6. HP: 20/32 MP: 9/17
    57 | D        | Killed a wyvern
    58 | D        | Reached skill level 14 in Stealth
    58 | D        | Reached XP level 7. HP: 23/37 MP: 11/19
   395 | D        | Learned a level 2 spell: Ensorcelled Hibernation
   399 | D        | Learned a level 3 spell: Confusing Touch
   403 | D        | Learned a level 3 spell: Dazzling Flash
   407 | D        | Learned a level 3 spell: Tukima's Dance
   410 | D        | Killed a boulder beetle
   411 | D        | Reached skill level 16 in Stealth
   411 | D        | Reached XP level 8. HP: 42/42 MP: 20/22
   422 | D        | Killed a boulder beetle
   423 | D        | Reached skill level 5 in Fighting
   423 | D        | Reached skill level 17 in Stealth
   423 | D        | Reached skill level 10 in Hexes
   431 | D        | Found Bameink's Distillery.
   431 | D        | Found Hyno's Jewellery Boutique.
   431 | D        | Found Dofioph's Distillery.
   431 | D        | Found Upnuoc's Weapon Boutique.
   431 | D        | Found Fup Tah's General Store.
   431 | D        | Found Wogauz's Book Boutique.
   750 | D        | Found Egall's Antique Armour Boutique.
   750 | D        | Found Urunnoes's Antique Weapon Shop.
   751 | D        | Found Optuma's Jewellery Shop.
   751 | D        | Found Juadea's Assorted Antiques.
   751 | D        | Noticed Menkaure
   751 | D        | Noticed a shining eye
   766 | D        | Killed Menkaure
   767 | D        | Reached skill level 10 in Spellcasting
   767 | D        | Reached skill level 1 in Conjurations
   768 | D        | Found Wesieny's Book Boutique.
   768 | D        | Found Weph's Antique Armour Shop.
   768 | D        | Noticed a shining eye
   768 | D        | Noticed a shining eye
   768 | D        | Noticed an oklob plant
   769 | D        | Found Oclokkul's Antique Armour Shop.
   769 | D        | Found Ucwarej's Book Shoppe.
   769 | D        | Found Qill's Magic Scroll Boutique.
   770 | D        | Noticed a cane toad
   771 | D        | Noticed a cane toad
   789 | D        | Bought a dazzling dagger for 154 gold pieces
   789 | D        | Identified the +6 dagger of the Briny Deep {drain, +Blink
                  | rF+ Str+9 Stlth+} (You bought it in a shop in the Dungeon)
   797 | D        | Bought a book of Geomancy for 180 gold pieces
   800 | D        | Learned a level 2 spell: Passwall
   804 | D        | Learned a level 3 spell: Stone Arrow
   813 | D        | Bought a potion of flight for 33 gold pieces
   813 | D        | Bought a potion of heal wounds for 55 gold pieces
   819 | D        | Bought a ring of poison resistance for 280 gold pieces
   828 | D        | Bought a +4 rapier of venom for 268 gold pieces
   861 | D        | Noticed an ice statue
   894 | D        | Found an iron altar of Okawaru.
   894 | D        | Found an opulent altar of Gozag.
   895 | D        | Found a sparkling altar of Nemelex Xobeh.
   895 | D        | Found a blossoming altar of Fedhas.
   896 | D        | Found a radiant altar of Vehumet.
   896 | D        | Found a burning altar of Makhleb.
   896 | D        | Found a white marble altar of Elyvilon.
   897 | D        | Found a hide-covered altar of Uskayaw.
   897 | D        | Found a corrupted altar of Lugonu.
   897 | D        | Found a shadowy altar of Dithmenos.
   906 | D        | Noticed a polar bear
   907 | D        | Found an ancient bone altar of Kikubaaqudgha.
   907 | D        | Found a bloodstained altar of Trog.
   907 | D        | Found a snail-covered altar of Cheibriados.
   907 | D        | Found a glowing silver altar of Zin.
   910 | D        | Found a viscous altar of Jiyva.
   910 | D        | Found a shimmering blue altar of Sif Muna.
   910 | D        | Found a basalt altar of Yredelemnul.
   910 | D        | Noticed a flying skull
   915 | D        | Found a sacrificial altar of Ru.
   915 | D        | Found a stormy altar of Qazlal.
   915 | D        | Found an ornate altar of the Wu Jian Council.
   915 | D        | Found a hazy altar of Hepliaklqana.
   915 | D        | Found a shimmering altar of Xom.
   915 | D        | Found a glowing golden altar of the Shining One.
   916 | D        | Noticed a flying skull
   916 | D        | Noticed a flying skull
   916 | D        | Noticed a flying skull
   919 | D        | Became a worshipper of Dithmenos the Shadowed
   925 | D        | Noticed a flying skull
   927 | D        | Noticed a flying skull
   927 | D        | Noticed a flying skull
   929 | D        | Noticed a flying skull
  1190 | D        | Noticed a death yak
  1193 | D        | Killed a death yak
  1194 | D        | Reached skill level 10 in Dodging
  1194 | D        | Reached XP level 9. HP: 48/48 MP: 24/24
  1206 | D        | Noticed a polar bear
  1207 | D        | Noticed a polar bear
  1208 | D        | Killed a polar bear
  1210 | D        | Killed a polar bear
  1210 | D        | Reached * piety under Dithmenos
  1226 | D        | Noticed a yaktaur
  1227 | D        | Noticed a polar bear
  1235 | D        | Killed a polar bear
  1240 | D        | Noticed a polar bear
  1248 | D        | Killed a polar bear
  1248 | D        | Reached ** piety under Dithmenos
  1254 | D        | Shot with a bolt by a yaktaur

Illustrated notes

Levels and vault maps discovered:
D:        the_violet_keep_of_menkaure [sprint2_stairs_cluster_1,
          sprint2_shoproom, sprint2_temple, sprint2_basic_supplies,
          sprint2_obstacle_2, sprint2_obstacle_1, sprint2_obstacle_5,
          sprint2_obstacle_7, sprint2_obstacle_6, sprint2_timed_cluster_1,
          sprint2_smallroom_cluster_1, sprint2_smallroom_final_cluster_1,
          sprint2_transparent_cluster_1, sprint2_second_timed_cluster_1,
          sprint2_sniper_area_1, sprint2_heavy_combat_area_1,
          sprint2_mutation_trap_area_1, sprint2_forest_area_1,
          sprint2_light_combat_area_1, sprint2_behind_water_1,
          sprint2_near_end_vault_1]

Skill      XL: |  1  2  3  4  5  6  7  8  9 |
---------------+----------------------------+-----
Stealth        | 9 10 11 13 14 16 17 | 17.3
Spellcasting   | 5 6 7 9 10 | 10.9
Hexes          | 5 6 8 9 10 11 | 11.2
Fighting       | 1 2 3 4 6 |  6.6
Short Blades   | 2 3 5 6 8 |  8.9
Dodging        | 3 4 6 7 8 10 | 10.8
Conjurations   | 2 4 |  4.1
Earth Magic    | 2 4 |  4.5

Action                   |  1- 3 |  4- 6 |  7- 9 || total
-------------------------+-------+-------+-------++-------
Melee: Dagger            |     7 |    14 |    26 ||    47
 Cast: Ensorcelled Hiber |       |       |     9 ||     9
       Passwall          |       |       |     2 ||     2
       Confusing Touch   |       |       |     4 ||     4
  Use: Potion            |     2 |       |     2 ||     4
 Stab: Sleeping          |     2 |     5 |     9 ||    16
       Invisible         |     1 |     1 |       ||     2
       Confused          |       |       |     4 ||     4
Dodge: Dodged            |     4 |     2 |    23 ||    29
